 Dungeon Crawl Stone Soup version 0.29-a0-664-gff9cad4a3d (webtiles) character file.

Game seed: 15956222081222219967

35 happo123 the Conjurer (level 3, -4/20 HPs)
             Began as a Gargoyle Conjurer on June 23, 2022.
             Slain by Bediveer's ghost (8 damage)
             ... on level 3 of the Dungeon.
             The game lasted 00:10:25 (1523 turns).

happo123 the Conjurer (Gargoyle Conjurer)           Turns: 1523, Time: 00:10:28

Health: -4/20      AC:  5    Str: 10    XL:     3   Next: 33%
Magic:  1/6        EV: 11    Int: 20    God:
Gold:   137        SH:  0    Dex:  8    Spells: 0/6 levels left

rFire   . . .      SeeInvis .   f - +0 whip
rCold   . . .      Faith    .   (no shield)
rNeg    + . .      Spirit   .   a - +0 robe
rPois   ∞          Reflect  .   (no helmet)
rElec   +          Harm     .   (no cloak)
rCorr   .          Rampage  .   (no gloves)
Will    .....                   (no boots)
Stlth   ++........              (no amulet)
HPRegen 0.06/turn               (no ring)
MPRegen 0.10/turn               (no ring)

@: no status effects
A: sickness immunity, AC +3, negative energy resistance 1, electricity
resistance, torment resistance 1, petrification resistance
a: no special abilities


You were on level 3 of the Dungeon.
You visited 1 branch of the dungeon, and saw 3 of its levels.

You collected 137 gold pieces.

Inventory:

Hand Weapons
 f - a +0 whip (weapon)
 n - a +0 dagger
 s - a +0 flail
Missiles
 d - a throwing net
Armour
 a - a +0 robe (worn)
 t - a +0 leather armour
Wands
 v - a wand of charming (6)
 w - a wand of flame (22)
Scrolls
 e - 2 scrolls of teleportation {unknown}
 h - a scroll of torment {unknown}
 j - 2 scrolls of vulnerability {unknown}
 k - a scroll of brand weapon {unknown}
 l - 2 scrolls of identify {unknown}
 p - 2 scrolls of magic mapping {unknown}
 u - a scroll of fear {unknown}
Potions
 b - 2 potions of magic
 c - a potion of haste {unknown}
 g - 2 potions of mutation {unknown}
 i - a potion of heal wounds {unknown}
 m - a potion of degeneration {unknown}
 o - a potion of might {unknown}
 q - 2 potions of curing {unknown}
 r - a potion of lignification {unknown}


   Skills:
 + Level 0.7 Fighting
 + Level 0.4 Maces & Flails
 + Level 0.4 Armour
 + Level 1.7 Dodging
 + Level 2.4 Stealth
 * Level 2.3 Spellcasting
 * Level 4.6 Conjurations
 + Level 0.7 Hexes


You couldn't memorise any spells.
You knew the following spells:

 Your Spells              Type           Power      Damage    Failure   Level
a - Magic Dart            Conj           84%        1d7       2%          1
b - Searing Ray           Conj           42%        2d6       3%          2
c - Dazzling Flash        Conj/Hex       26%        N/A       16%         3

Your spell library contained the following spells:

 Spells                   Type           Power      Damage    Failure   Level
 Tukima's Dance           Hex            5%         N/A       32%         3
 Portal Projectile        Hex/Tloc       6%         N/A       36%         3
 Fulminant Prism          Conj/Hex       6%         3d7       45%         4
 Iskenderun's Mystic Bla  Conj/Tloc      11%        2d4       50%         4
 Blade Hands              Tmut           1%         N/A       99%         5


Dungeon Overview and Level Annotations

Branches:
Dungeon (3/15)

Altars:

Annotations:
D:3 Bediveer's ghost, weakling DgGl


Innate Abilities, Weirdness & Mutations

You are immune to sickness and miasma.
Your stone body is resilient. (AC +3)
You are immune to poison.
You resist negative energy. (rN+)
You are resistant to electric shocks. (rElec)
You are resistant to unholy torment.
You are immune to petrification.


Message History

Found a silver wand.
You see here 4 boomerangs.
Bediveer's ghost turns its malevolent gaze towards you.
The jackal barks!
Found a red potion.
w - a wand of flame (22)
The frilled lizard hisses.
You open the gate.
Bediveer's ghost wails.
Bediveer's ghost attacks as you move away!
Bediveer's ghost hits you but does no damage.
You see here 4 stones.
Casting: Magic Dart (safe; 2% risk of failure)
Confirm with . or Enter, or press ? or * to list all spells.
Aiming: Searing Ray (safe; 3% risk of failure)
Press: ? - help, Shift-Dir - straight line, f - frilled lizard
Aim: a frilled lizard (63% to hit)
The searing ray misses Bediveer's ghost.
The searing ray hits the goblin.
You kill the goblin!
The searing ray hits the frilled lizard.
You kill the frilled lizard! (Press . to maintain the ray.) Bediveer's ghost hits you!
The searing ray hits Bediveer's ghost!
Bediveer's ghost is moderately damaged.
Bediveer's ghost hits you.
The searing ray misses Bediveer's ghost.
The searing ray hits the jackal.
The jackal is severely wounded.
Bediveer's ghost hits you!
* * * LOW HITPOINT WARNING * * *
The searing ray hits Bediveer's ghost.
Bediveer's ghost is heavily damaged.
The searing ray hits the jackal!
You kill the jackal!
You finish channelling your searing ray.
Bediveer's ghost whispers, "They're coming for you..."
Bediveer's ghost hits you!
You die...

...............#
............#..#
#########....####
.......#.......#
...#.......#.....#.#
...#.......'.h.#.# #
..#.[.....'...#)#
.#.$.....'...#W# # #
#.......#(..#@#.. #.
#!......#...#........
#..#########.......#.###
#..............#####
#.............##
###############


You could see Bediveer's ghost.

Vanquished Creatures
  A dart slug (D:1)
  4 endoplasms
  4 giant cockroaches
  6 hobgoblins
  A jackal (D:3)
  A quokka (D:2)
  2 ball pythons (D:2)
  2 frilled lizards
  3 goblins
  3 kobolds
  4 rats (D:1)
31 creatures vanquished.

Notes
Turn   | Place    | Note
-------+----------+-------------------------------------------
     0 | D:1      | happo123 the Gargoyle Conjurer began the quest for the Orb.
     0 | D:1      | Reached XP level 1. HP: 10/10 MP: 3/3
   353 | D:1      | Reached XP level 2. HP: 16/16 MP: 3/5
   360 | D:1      | Learned a level 2 spell: Searing Ray
   845 | D:2      | Reached XP level 3. HP: 15/20 MP: 3/6
   849 | D:2      | Learned a level 3 spell: Dazzling Flash
  1474 | D:3      | Found a runed translucent gate.
  1474 | D:3      | Found a runed translucent gate.
  1477 | D:3      | Noticed Bediveer's ghost (weakling DgGl)
  1478 | D:3      | Found a runed translucent gate.
  1523 | D:3      | Slain by Bediveer's ghost

Illustrated notes

Levels and vault maps discovered:
D:1:      elethiomel_arrival_maze, layout_basic, minmay_misc_feat_columns
D:2:      layout_basic, minmay_pentomino_w2
D:3:      layout_basic, gammafunk_ghost_split, serial_shops,
          nicolae_shop_window_shopping, uniq_grinder

Action                   || total
-------------------------++-------
Melee: Whip              ||    44
 Cast: Magic Dart        ||    34
       Searing Ray       ||     5
 Stab: Sleeping          ||     2
Armor: Robe              ||    14
Dodge: Dodged            ||    20

Table legend: (Time is in decaauts)
 A = Elapsed time spent in this place.
 B = Non-inter-level travel time spent in this place.
 C = Inter-level travel time spent in this place.
 D = Time resting spent in this place.
 E = Time spent auto-exploring this place.
 F = Levels seen in this place.
 G = Mean time per level.
                   A        B        C        D        E       F      G
               +--------+--------+--------+--------+--------+-----+--------+
         Total |   1527 |    760 |    767 |      0 |    481 |   3 |  509.0 |
       Dungeon |   1527 |    760 |    767 |      0 |    481 |   3 |  509.0 |
               +--------+--------+--------+--------+--------+-----+--------+

Top non-repeatable levels by time:
     D:1: 752 daAuts
     D:2: 702 daAuts
     D:3: 72 daAuts
